TOP OF THE 1ST |
Great Lakes Loons batting - Pitching for Kane County Cougars : RHP Whitney Batten
|
Pitching: RHP Whitney Batten
|
|
Batting: RHB Josh Crenwelge
|
0-0: Foul Ball, location: 2F 0-1: Ball 1-1: Ball 2-1: SOLO HOME RUN (Flyball, 7LD, EV 94.4 MPH), Distance : 355 ft
|
Batting: LHB Robin More
|
0-0: Called Strike 0-1: Ball 1-1: Ball 2-1: Ball 3-1: Base on Balls
|
Batting: SHB Nate Kopchak
|
0-0: Called Strike 0-1: Ball 1-1: Grounds into double play, 6-4-3 (Groundball, 6, EV 86.9 MPH)
|
Batting: LHB Jose Robles
|
0-0: Ball 1-0: Swinging Strike 1-1: Swinging Strike 1-2: Fly out, F4 (Line Drive, 4, EV 67.5 MPH)
|
Top of the 1st over - 1 run, 1 hit, 0 errors, 0 left on base; Great Lakes 1 - Kane County 0 |
BOTTOM OF THE 1ST |
Kane County Cougars batting - Pitching for Great Lakes Loons : RHP Jim Ruleman
|
Pitching: RHP Jim Ruleman
|
|
Batting: LHB Jeff Trapp
|
0-0: Ball 1-0: Called Strike 1-1: Called Strike 1-2: Foul Ball, location: 2F 1-2: Ball 2-2: Foul Ball, location: 2F 2-2: Strikes out looking
|
Batting: RHB D.J. Cooke
|
0-0: Ball 1-0: Called Strike 1-1: Foul Ball, location: 2F 1-2: Strikes out swinging
|
Batting: RHB Chad Mendoza
|
0-0: Called Strike 0-1: Ball 1-1: Foul Ball, location: 2F 1-2: Fly out, F3 (Popup, 3SF, EV 75.0 MPH)
|
Bottom of the 1st over - 0 runs, 0 hits, 0 errors, 0 left on base; Great Lakes 1 - Kane County 0 |
TOP OF THE 2ND |
Great Lakes Loons batting - Pitching for Kane County Cougars : RHP Whitney Batten
|
Batting: SHB Xavier Alaniz
|
0-0: Swinging Strike 0-1: Ball 1-1: Ground out 4-3 (Groundball, 4, EV 79.4 MPH)
|
Batting: RHB Daniel Samano
|
0-0: Ball 1-0: Called Strike 1-1: Foul Ball, location: 2F 1-2: Ball 2-2: Foul Ball, location: 2F 2-2: Strikes out swinging, 2-3 out at first.
|
Batting: RHB Bobby Gray
|
0-0: Ball 1-0: Foul Ball, location: 2F 1-1: Foul Ball, location: 2F 1-2: Strikes out swinging
|
Top of the 2nd over - 0 runs, 0 hits, 0 errors, 0 left on base; Great Lakes 1 - Kane County 0 |
BOTTOM OF THE 2ND |
Kane County Cougars batting - Pitching for Great Lakes Loons : RHP Jim Ruleman
|
Batting: RHB Josh Burrows
|
0-0: Ball 1-0: Called Strike 1-1: Called Strike 1-2: Ball 2-2: Ball 3-2: Strikes out swinging
|
Batting: RHB Gary Hills
|
0-0: Ball 1-0: Ball 2-0: Foul Ball, location: 2F 2-1: Foul Ball, location: 2F 2-2: Ball 3-2: SINGLE (Line Drive, 9S, EV 107.5 MPH)
|
Batting: RHB Ernesto Zamora
|
0-0: Ball 1-0: Called Strike 1-1: Foul Ball, location: 2F 1-2: Ball 2-2: Strikes out swinging
|
Batting: LHB Enrique Ponce
|
0-0: Swinging Strike 0-1: Ball 1-1: Ball 2-1: Reached on error, E1 (Groundball, 15S, EV 70.6 MPH) Gary Hills to third
|
Batting: LHB Jeff Harmon
|
0-0: Ball 1-0: Ball 2-0: Ball 3-0: Called Strike 3-1: Ground out 4-3 (Groundball, 34D, EV 79.4 MPH)
|
Bottom of the 2nd over - 0 runs, 1 hit, 1 error, 2 left on base; Great Lakes 1 - Kane County 0 |
TOP OF THE 3RD |
Great Lakes Loons batting - Pitching for Kane County Cougars : RHP Whitney Batten
|
Batting: RHB Devon Fourcade
|
0-0: Ball 1-0: Called Strike 1-1: Ground out 6-3 (Groundball, 6MS, EV 88.1 MPH)
|
Batting: RHB Trevor Conklin
|
0-0: Ball 1-0: Ball 2-0: Foul Ball, location: 2F 2-1: Ground out 6-3 (Groundball, 6, EV 93.8 MPH)
|
Batting: RHB Josh Crenwelge
|
0-0: Foul Ball, location: 2F 0-1: Foul Ball, location: 2F 0-2: Ball 1-2: Ball 2-2: Strikes out looking
|
Top of the 3rd over - 0 runs, 0 hits, 0 errors, 0 left on base; Great Lakes 1 - Kane County 0 |
BOTTOM OF THE 3RD |
Kane County Cougars batting - Pitching for Great Lakes Loons : RHP Jim Ruleman
|
Batting: LHB Tae-geun Kwang
|
0-0: SOLO HOME RUN (Flyball, 9LD, EV 95.0 MPH), Distance : 346 ft
|
Batting: LHB Jeff Trapp
|
0-0: Called Strike 0-1: Swinging Strike 0-2: Ball 1-2: Foul Ball, location: 2F 1-2: Strikes out swinging
|
Batting: RHB D.J. Cooke
|
0-0: Called Strike 0-1: Ground out 5-3 (Groundball, 5, EV 83.8 MPH)
|
Batting: RHB Chad Mendoza
|
0-0: Swinging Strike 0-1: Ball 1-1: Called Strike 1-2: Strikes out looking
|
Bottom of the 3rd over - 1 run, 1 hit, 0 errors, 0 left on base; Great Lakes 1 - Kane County 1 |
TOP OF THE 4TH |
Great Lakes Loons batting - Pitching for Kane County Cougars : RHP Whitney Batten
|
Batting: LHB Robin More
|
0-0: Foul Ball, location: 2F 0-1: Ball 1-1: Fly out, F7 (Flyball, 7S, EV 80.6 MPH)
|
Batting: SHB Nate Kopchak
|
0-0: Ball 1-0: Ball 2-0: Ball 3-0: Called Strike 3-1: Base on Balls
|
Batting: LHB Jose Robles
|
0-0: Ball 1-0: Called Strike 1-1: Ball 2-1: Foul Ball, location: 2F 2-2: Ball Nate Kopchak steals 2nd, throwing error, E2 Nate Kopchak to third 3-2: Base on Balls
|
Batting: SHB Xavier Alaniz
|
0-0: Ball 1-0: SINGLE (Groundball, 4D, EV 105.6 MPH) Nate Kopchak scores Jose Robles to second
|
Batting: RHB Daniel Samano
|
0-0: Ball Wild Pitch! Jose Robles to third Xavier Alaniz to second 1-0: Called Strike 1-1: Foul Ball, location: 2F 1-2: Ground out 6-3 (Groundball, 56, EV 102.5 MPH) Jose Robles scores
|
Batting: RHB Bobby Gray
|
0-0: Fly out, F8 (Flyball, 8LS, EV 86.2 MPH)
|
Top of the 4th over - 2 runs, 1 hit, 1 error, 1 left on base; Great Lakes 3 - Kane County 1 |
BOTTOM OF THE 4TH |
Kane County Cougars batting - Pitching for Great Lakes Loons : RHP Jim Ruleman
|
Batting: RHB Josh Burrows
|
0-0: Ground out 4-3 (Groundball, 34, EV 102.5 MPH)
|
Batting: RHB Gary Hills
|
0-0: Ball 1-0: Ball 2-0: Called Strike 2-1: Ball 3-1: Called Strike 3-2: Foul Ball, location: 2F 3-2: Foul Ball, location: 2F 3-2: Foul Ball, location: 2F 3-2: Base on Balls
|
Batting: RHB Ernesto Zamora
|
0-0: Called Strike Gary Hills steals 2nd base 0-1: Ball 1-1: Ball Wild Pitch! Gary Hills to third 2-1: Called Strike 2-2: TRIPLE (Groundball, 5L, EV 109.4 MPH) Gary Hills scores
|
Batting: LHB Enrique Ponce
|
0-0: Foul Ball, location: 2F 0-1: Ball Passed Ball! Ernesto Zamora scores 1-1: Called Strike 1-2: Strikes out swinging
|
Batting: LHB Jeff Harmon
|
0-0: Fly out, F3 (Popup, 34, EV 77.5 MPH)
|
Bottom of the 4th over - 2 runs, 1 hit, 0 errors, 0 left on base; Great Lakes 3 - Kane County 3 |
TOP OF THE 5TH |
Great Lakes Loons batting - Pitching for Kane County Cougars : RHP Whitney Batten
|
Batting: RHB Devon Fourcade
|
0-0: Called Strike 0-1: Ball 1-1: Fly out, F3 (Line Drive, 34, EV 102.5 MPH)
|
Batting: RHB Trevor Conklin
|
0-0: Ball 1-0: Called Strike 1-1: Ball 2-1: Foul Ball, location: 2F 2-2: Strikes out swinging
|
Batting: RHB Josh Crenwelge
|
0-0: Called Strike 0-1: Ground out 6-3 (Groundball, 6, EV 86.2 MPH)
|
Top of the 5th over - 0 runs, 0 hits, 0 errors, 0 left on base; Great Lakes 3 - Kane County 3 |
BOTTOM OF THE 5TH |
Kane County Cougars batting - Pitching for Great Lakes Loons : RHP Jim Ruleman
|
Batting: LHB Tae-geun Kwang
|
0-0: Foul Ball, location: 2F 0-1: Ground out 4-3 (Groundball, 4, EV 104.4 MPH)
|
Batting: LHB Jeff Trapp
|
0-0: Called Strike 0-1: Ground out 6-3 (Groundball, P, EV 89.4 MPH)
|
Batting: RHB D.J. Cooke
|
0-0: Ball 1-0: Ball 2-0: Ball 3-0: Called Strike 3-1: Foul Ball, location: 2F 3-2: SINGLE (Line Drive, 6MD, EV 103.1 MPH)
|
Batting: RHB Chad Mendoza
|
0-0: Fielders Choice at 2nd, 6-4 (Groundball, 56D, EV 87.5 MPH)
|
Bottom of the 5th over - 0 runs, 1 hit, 0 errors, 1 left on base; Great Lakes 3 - Kane County 3 |
TOP OF THE 6TH |
Great Lakes Loons batting - Pitching for Kane County Cougars : RHP Whitney Batten
|
Batting: LHB Robin More
|
0-0: Ground out 4-3 (Groundball, 4, EV 79.4 MPH)
|
Batting: SHB Nate Kopchak
|
0-0: Ball 1-0: Ball 2-0: Swinging Strike 2-1: SINGLE (Line Drive, 7S, EV 97.5 MPH)
|
Batting: LHB Jose Robles
|
0-0: Ball Wild Pitch! Nate Kopchak to second 1-0: Intentional Walk
|
Batting: SHB Xavier Alaniz
|
0-0: Ball 1-0: Swinging Strike 1-1: Called Strike 1-2: Foul Ball, location: 2F 1-2: Ball 2-2: Foul Ball, location: 2F 2-2: Strikes out swinging
|
Batting: RHB Daniel Samano
|
0-0: Called Strike 0-1: Called Strike 0-2: Strikes out swinging
|
Top of the 6th over - 0 runs, 1 hit, 0 errors, 2 left on base; Great Lakes 3 - Kane County 3 |
BOTTOM OF THE 6TH |
Kane County Cougars batting - Pitching for Great Lakes Loons : RHP Jim Ruleman
|
Batting: RHB Josh Burrows
|
0-0: Ground out 6-3 (Groundball, 6, EV 80.0 MPH)
|
Batting: RHB Gary Hills
|
0-0: Called Strike 0-1: SINGLE (Groundball, 56D, EV 98.8 MPH)
|
Batting: RHB Ernesto Zamora
|
0-0: Called Strike 0-1: Called Strike Gary Hills steals 2nd base 0-2: Strikes out swinging
|
Batting: LHB Enrique Ponce
|
0-0: Ball 1-0: Ball 2-0: Foul Ball, location: 2F 2-1: Ball 3-1: Base on Balls
|
Batting: LHB Jeff Harmon
|
0-0: Ball 1-0: Ball 2-0: Called Strike 2-1: Ball 3-1: Called Strike 3-2: Foul Ball, location: 2F 3-2: Base on Balls Gary Hills to third Enrique Ponce to second
|
Batting: LHB Tae-geun Kwang
|
0-0: Swinging Strike 0-1: Swinging Strike 0-2: Ball 1-2: Strikes out looking
|
Bottom of the 6th over - 0 runs, 1 hit, 0 errors, 3 left on base; Great Lakes 3 - Kane County 3 |
TOP OF THE 7TH |
Great Lakes Loons batting - Pitching for Kane County Cougars : RHP Whitney Batten
|
Batting: RHB Bobby Gray
|
0-0: Ball 1-0: Ball 2-0: Ball 3-0: Called Strike 3-1: Called Strike 3-2: Foul Ball, location: 2F 3-2: Base on Balls
|
Batting: RHB Devon Fourcade
|
0-0: Ball 1-0: Ball 2-0: Called Strike 2-1: Ball 3-1: Fielders Choice at 2nd, 5-4 (Groundball, 56, EV 84.4 MPH)
|
Batting: RHB Trevor Conklin
|
0-0: Ball 1-0: Ball 2-0: Foul Ball, location: 2F 2-1: Ball 3-1: Foul Ball, location: 2F 3-2: SINGLE (Groundball, 6MD, EV 104.4 MPH) Devon Fourcade to second
|
Pitching: RHP Dan Thompson
|
|
Pinch Hitting: LHB Stephen Van Raalte
|
0-0: Called Strike 0-1: Swinging Strike 0-2: Ball 1-2: Foul Ball, location: 2F 1-2: Strikes out looking
|
Batting: LHB Robin More
|
0-0: 3-RUN HOME RUN (Flyball, 9D, EV 96.9 MPH), Distance : 374 ft
|
Batting: SHB Nate Kopchak
|
0-0: Called Strike 0-1: Ground out 3-1 (Groundball, 34, EV 101.9 MPH)
|
Top of the 7th over - 3 runs, 2 hits, 0 errors, 0 left on base; Great Lakes 6 - Kane County 3 |
BOTTOM OF THE 7TH |
Kane County Cougars batting - Pitching for Great Lakes Loons : RHP Jim Ruleman
|
Pitching: RHP Carlos Llamas
|
|
Now at 2B: Chris Raymond
|
|
Batting: LHB Jeff Trapp
|
0-0: Ball 1-0: Ball 2-0: Foul Ball, location: 2F 2-1: Swinging Strike 2-2: Foul Ball, location: 2F 2-2: Ball 3-2: Strikes out swinging
|
Batting: RHB D.J. Cooke
|
0-0: Called Strike 0-1: Swinging Strike 0-2: Strikes out looking
|
Batting: RHB Chad Mendoza
|
0-0: Swinging Strike 0-1: Ball 1-1: Ball 2-1: SINGLE (Flyball, 78S, EV 90.6 MPH)
|
Batting: RHB Josh Burrows
|
0-0: Called Strike 0-1: Ball 1-1: Ball 2-1: Called Strike 2-2: SINGLE (Line Drive, 7S, EV 104.4 MPH) Chad Mendoza to second
|
Batting: RHB Gary Hills
|
0-0: Swinging Strike 0-1: Fly out, F9 (Flyball, 9, EV 97.5 MPH)
|
Bottom of the 7th over - 0 runs, 2 hits, 0 errors, 2 left on base; Great Lakes 6 - Kane County 3 |
TOP OF THE 8TH |
Great Lakes Loons batting - Pitching for Kane County Cougars : RHP Dan Thompson
|
Batting: LHB Jose Robles
|
0-0: Ball 1-0: Foul Ball, location: 2F 1-1: Ball 2-1: Foul Ball, location: 2F 2-2: Ball 3-2: Base on Balls
|
Batting: SHB Xavier Alaniz
|
0-0: Ball 1-0: Foul Ball, location: 2F 1-1: Called Strike 1-2: Strikes out swinging
|
Batting: RHB Daniel Samano
|
0-0: Called Strike 0-1: Ball 1-1: Ball 2-1: Called Strike 2-2: Ball 3-2: Base on Balls Jose Robles to second
|
Batting: RHB Bobby Gray
|
0-0: Foul Ball, location: 2F 0-1: Ball 1-1: Called Strike 1-2: Ball 2-2: Ball 3-2: Base on Balls Jose Robles to third Daniel Samano to second
|
Batting: RHB Devon Fourcade
|
0-0: Ball 1-0: Swinging Strike 1-1: Swinging Strike 1-2: Foul Ball, location: 2F 1-2: Foul Ball, location: 2F 1-2: Foul Ball, location: 2F 1-2: SINGLE (Groundball, 56D, EV 98.8 MPH) Jose Robles scores Daniel Samano to third Bobby Gray to second Runner from 3rd tries for Home, SAFE, throw by LF to home
|
Pitching: RHP Shigezo Shoji
|
|
Batting: RHB Trevor Conklin
|
0-0: Ball 1-0: Swinging Strike 1-1: SINGLE (Groundball, 56D, EV 96.9 MPH) Bobby Gray to third Devon Fourcade to second
|
Batting: LHB Chris Raymond
|
0-0: Called Strike 0-1: Swinging Strike 0-2: Fly out, F9 (Flyball, 89M, EV 98.1 MPH) Runner from 3rd tags up, OUT at HOME! 9-2
|
Top of the 8th over - 2 runs, 2 hits, 0 errors, 2 left on base; Great Lakes 8 - Kane County 3 |
BOTTOM OF THE 8TH |
Kane County Cougars batting - Pitching for Great Lakes Loons : RHP Carlos Llamas
|
Batting: RHB Ernesto Zamora
|
0-0: Swinging Strike 0-1: Fly out, F9 (Flyball, 9LM, EV 81.2 MPH)
|
Batting: LHB Enrique Ponce
|
0-0: Called Strike 0-1: Called Strike 0-2: Ball 1-2: Ball 2-2: Ball 3-2: Strikes out swinging
|
Batting: LHB Jeff Harmon
|
0-0: Called Strike 0-1: Called Strike 0-2: Ball 1-2: Ball 2-2: Foul Ball, location: 2F 2-2: Ball 3-2: Strikes out swinging
|
Bottom of the 8th over - 0 runs, 0 hits, 0 errors, 0 left on base; Great Lakes 8 - Kane County 3 |
TOP OF THE 9TH |
Great Lakes Loons batting - Pitching for Kane County Cougars : RHP Shigezo Shoji
|
Pitching: RHP Edwin Martinez
|
|
Batting: LHB Robin More
|
0-0: Called Strike 0-1: Foul Ball, location: 2F 0-2: Ball 1-2: Ground out 4-3 (Groundball, 4, EV 81.9 MPH)
|
Batting: SHB Nate Kopchak
|
0-0: Called Strike 0-1: Foul Ball, location: 2F 0-2: Fly out, F8 (Flyball, 8RD, EV 93.8 MPH)
|
Batting: LHB Jose Robles
|
0-0: Ball 1-0: Swinging Strike 1-1: Ball 2-1: Ball 3-1: Base on Balls
|
Batting: SHB Xavier Alaniz
|
0-0: Called Strike 0-1: Ball 1-1: Ball 2-1: Fly out, F9 (Flyball, 9, EV 85.6 MPH)
|
Top of the 9th over - 0 runs, 0 hits, 0 errors, 1 left on base; Great Lakes 8 - Kane County 3 |
BOTTOM OF THE 9TH |
Kane County Cougars batting - Pitching for Great Lakes Loons : RHP Carlos Llamas
|
Batting: LHB Tae-geun Kwang
|
0-0: Ball 1-0: Ball 2-0: Ball 3-0: Base on Balls
|
Batting: LHB Jeff Trapp
|
0-0: Called Strike 0-1: Ball 1-1: Swinging Strike 1-2: SINGLE (Groundball, 6S, EV 69.4 MPH) (infield hit) Tae-geun Kwang to second
|
Batting: RHB D.J. Cooke
|
0-0: Foul Ball, location: 2F 0-1: Foul Ball, location: 2F 0-2: Ball 1-2: Foul Ball, location: 2F 1-2: Ball 2-2: Foul Ball, location: 2F 2-2: Ball 3-2: Foul Ball, location: 2F 3-2: SINGLE (Groundball, 56D, EV 100.0 MPH) Tae-geun Kwang to third Jeff Trapp to second
|
Batting: RHB Chad Mendoza
|
0-0: Called Strike 0-1: Ball 1-1: Ball 2-1: Grounds into double play, 5-4-3 (Groundball, 5, EV 85.6 MPH) Tae-geun Kwang scores Jeff Trapp to third
|
Batting: RHB Josh Burrows
|
0-0: Called Strike 0-1: Ball 1-1: Swinging Strike 1-2: Strikes out swinging
|
Bottom of the 9th over - 1 run, 2 hits, 0 errors, 1 left on base; Great Lakes 8 - Kane County 4 |
|